 Dungeon Crawl Stone Soup version 0.24.0-13-gcf9b319 (webtiles) character file.

Game seed: 1413890567332295824, levelgen mode: deterministic

29368 Kouerson the Bludgeoner (level 13, -6/124 HPs)
             Began as a Minotaur Fighter on May 5, 2020.
             Was a Plaything of Xom.
             Killed by the air
             ... invoked by a wind drake
              (16 damage)
             ... on level 3 of the Abyss on May 12, 2020.
             The game lasted 01:12:12 (8999 turns).

Kouerson the Bludgeoner (Minotaur Fighter)          Turns: 8999, Time: 01:12:15

Health: -6/124     AC: 25    Str: 28    XL:     13   Next: 14%
Magic:  12/12      EV:  8    Int:  5    God:    Xom [.*....]
Gold:   1035       SH:  0    Dex: 10    Spells: 12/12 levels left

rFire    x . .     SeeInvis +   z - +6 dire flail (protect)
rCold    + . .     Gourm    .   (shield currently unavailable)
rNeg     . . .     Faith    .   G - +2 plate armour
rPois    .         Spirit   .   O - +2 hat {SInv}
rElec    .         Reflect  .   n - +0 cloak
rCorr    .         Harm     .   T - +1 pair of gloves
MR       .....                  M - +0 pair of boots
Stlth    ..........             h - amulet of regeneration
HPRegen  0.70/turn              m - ring of ice
MPRegen  0.13/turn              (no ring)

@: flying, very slightly contaminated, hasted, very quick
A: retaliatory headbutt, horns 2, strong 1
a: Renounce Religion


You were on level 3 of the Abyss.
You worshipped Xom.
You were a plaything of Xom.
You were not hungry.

You visited 3 branches of the dungeon, and saw 12 of its levels.
You visited the Abyss 2 times.

You collected 1372 gold pieces.
You spent 337 gold pieces at shops.

Inventory:

Hand Weapons
 a - a +0 war axe
 x - a +3 spear
 z - a +6 dire flail of protection (weapon)
 P - a +3 spear
Missiles
 e - 166 arrows
 l - 8 atropa-tipped darts (quivered)
 o - 19 boomerangs
Armour
 b - a +0 scale mail
 c - a +1 shield
 n - a +0 cloak (worn)
 G - a +2 plate armour (worn)
 J - +0 steam dragon scales
 M - a +0 pair of boots (worn)
 O - a +2 hat of see invisible (worn)
 T - a +1 pair of gloves (worn)
Jewellery
 d - a +2 amulet of reflection
 h - an amulet of regeneration (around neck)
 m - a ring of ice (left hand)
 r - a +5 amulet of reflection
 A - an uncursed ring of flight
Wands
 y - a wand of flame (32)
 L - a wand of acid (6)
Scrolls
 i - a scroll of immolation {unknown}
 j - 2 scrolls of amnesia
 p - 7 scrolls of identify
 q - a scroll of enchant weapon {unknown}
 s - 2 scrolls of teleportation {unknown}
 v - 5 scrolls of remove curse
 w - 2 scrolls of magic mapping {unknown}
 I - a scroll of acquirement {unknown}
 Q - a scroll of fog {unknown}
Potions
 g - a potion of degeneration {unknown}
 k - 2 potions of might
 t - a potion of curing {unknown}
 B - 2 potions of lignification
 D - a potion of flight
 E - a potion of mutation {unknown}
 F - a potion of magic {unknown}
 H - a potion of haste
 K - 2 potions of ambrosia {unknown}
 N - a potion of invisibility {unknown}
Comestibles
 f - 22 rations


   Skills:
 + Level 14.0 Fighting
 - Level 6.1(12.4) Axes
 + Level 16.4(16.7) Maces & Flails
 - Level 0.3 Throwing
 + Level 12.9 Armour
 - Level 0.4 Dodging
 + Level 6.2 Shields
 + Level 0.8 Evocations


You had 12 spell levels left.
You didn't know any spells.
Your spell library contained the following spells:

 Spells                   Type           Power        Failure   Level  Hunger
 Beastly Appendage        Tmut           #.....       98%         1    ##.....
 Confusing Touch          Hex            #.....       98%         1    ##.....
 Corona                   Hex            #......      98%         1    ##.....
 Flame Tongue             Conj/Fire      #....        98%         1    ##.....
 Ensorcelled Hibernation  Hex/Ice        #.....       99%         2    ###....
 Sticks to Snakes         Tmut           #.......     99%         2    ###....
 Throw Flame              Conj/Fire      #.....       99%         2    ###....
 Confuse                  Hex            #.......     100%        3    ####...
 Conjure Flame            Conj/Fire      #.......     100%        3    ####...
 Dazzling Spray           Conj/Hex       #.....       100%        3    ####...
 Gell's Gravitas          Tloc           #.........   100%        3    ####...
 Inner Flame              Hex/Fire       #.......     100%        3    ####...
 Spider Form              Tmut/Pois      #.........   100%        3    ####...
 Tukima's Dance           Hex            #.......     100%        3    ####...
 Ice Form                 Ice/Tmut       #.......     100%        4    #####..
 Petrify                  Tmut/Erth      #.......     100%        4    #####..
 Sticky Flame             Conj/Fire      #.......     100%        4    #####..
 Blade Hands              Tmut           #.........   100%        5    ######.
 Fireball                 Conj/Fire      #.........   100%        5    ######.
 Metabolic Englaciation   Hex/Ice        #.........   100%        5    ######.
 Yara's Violent Unravell  Hex/Tmut       #.........   100%        5    ######.


Dungeon Overview and Level Annotations

Branches:
Dungeon (9/15)             Temple (0/1) D:7             Orc (2/2) D:9
    Elf (1/3) Orc:2
   Lair: D:8-11

Altars:
Ashenzari
Elyvilon
Fedhas
Gozag
Qazlal
Trog
Uskayaw
Vehumet
Wu Jian
Xom
Yredelemnul
Beogh

Shops:
D:5 (   Orc:2 :?[[*

Annotations:
D:8 1 runed translucent door


Innate Abilities, Weirdness & Mutations

You reflexively headbutt those who attack you in melee.
You have a pair of horns on your head.
Your muscles are strong. (Str +2)


Message History

You fly up into the air.
The vampire bat bites you.
* * * LOW HITPOINT WARNING * * *
The vampire bat draws strength from your injuries!
The tormentor barely misses you. You furiously retaliate!
You headbutt the tormentor.
The tormentor hits you but does no damage.
It was a potion of haste.
You feel yourself speed up.
The vampire bat bites you but does no damage.
The wind drake flaps its wings at you.
The air twists around and violently strikes you in flight.
The tormentor closely misses you.
The tormentor hits you but does no damage.
You barely miss the vampire bat.
The vampire bat is almost destroyed.
The unseen horror hits you.
* * * LOW HITPOINT WARNING * * *
The wind drake flaps its wings at you.
The air twists around and violently strikes you in flight!
You die...
Xom is highly amused! #.# b### #.# l.|# .. #.# .l.# . . #.# kkb

#.. ## #.#'#H#
......# ##
#.'5#####.... .#.
#.#.#b# #.#
........
#b#x#x85#.# ....
#@#b#X#.###... .#
#2#.#.###.#.#...#
##########.....#
....... ... #..
##...#...W. .. .
##. #..........
#. #........≈≈ ..
...#.... .≈ .
....#... ..


You could see 2 wind drakes, a harpy, a tormentor, an unseen horror (invisible),
a wyvern, a fire bat, a vampire bat, an ufetubus and a bat.

Vanquished Creatures
  Gastronok (D:9)
  4 ogre magi
  14 two-headed ogres
  An orc high priest (Orc:2)
  A shock serpent (Orc:2)
  A deep elf knight (Elf:1)
  An orc knight (Orc:2)
  3 orc sorcerers (Orc:2)
  7 deep elf magi (Elf:1)
  Psyche (D:9)
  2 freezing wraiths
  A troll (Orc:2)
  A hippogriff (D:9)
  3 yaks (D:9)
  Eustachio (D:5)
  A steam dragon (D:8)
  2 hungry ghosts
  Menkaure (D:4)
  Edmund (D:4)
  A warg (Orc:1)
  A water moccasin (D:8)
  Duvessa (D:4)
  4 ice beasts
  7 orc warriors
  3 black bears (D:6)
  3 phantoms
  28 ogres
  2 centaurs
  5 big kobolds
  7 bullfrogs
  Dowan (D:4)
  3 scorpions
  3 killer bees (D:7)
  3 wights (D:9)
  A centaur zombie (D:9)
  3 howler monkeys (D:7)
  A bullfrog zombie (D:9)
  4 crimson imps
  A quasit (D:9)
  5 hounds
  2 centaur skeletons
  2 jellies
  10 orc priests
  Crazy Yiuf (D:5)
  Jessica (D:3)
  2 bullfrog skeletons
  4 iguanas
  16 orc wizards
  7 worker ants
  2 hound skeletons
  A howler monkey zombie (D:8)
  5 gnolls
  5 adders
  A shadow imp (D:9)
  2 oozes (D:2)
  An adder skeleton (D:5)
  4 worms
  2 dart slugs
  6 leopard geckos
  45 orcs
  2 giant cockroaches
  5 hobgoblins
  12 jackals
  32 kobolds
  2 quokkas
  6 bats
  6 frilled lizards
  4 goblins
  A jackal skeleton (D:6)
  2 quokka skeletons
  8 rats
  A plant (D:2)
334 creatures vanquished.

Vanquished Creatures (collateral kills)
  A two-headed ogre (Orc:2)
  An orc sorcerer (Orc:2)
  An ogre (Orc:2)
  An orc priest (D:9)
4 creatures vanquished.

Vanquished Creatures (others)
  A demonic plant (Abyss:2)
1 creature vanquished.

Grand Total: 339 creatures vanquished

Notes
Turn   | Place    | Note
-------+----------+-------------------------------------------
     0 | D:1      | Kouerson the Minotaur Fighter began the quest for the Orb.
     0 | D:1      | Reached XP level 1. HP: 19/19 MP: 0/0
    94 | D:1      | Reached XP level 2. HP: 26/27 MP: 1/1
   494 | D:1      | Reached XP level 3. HP: 33/33 MP: 2/2
  1038 | D:2      | Found a faded altar of an unknown god.
  1243 | D:2      | Reached XP level 4. HP: 39/41 MP: 3/3
  1600 | D:3      | Reached XP level 5. HP: 20/47 MP: 4/4
  2059 | D:3      | Noticed Jessica
  2062 | D:3      | Killed Jessica
  2062 | D:3      | Reached skill level 5 in Shields
  2361 | D:4      | Noticed Edmund
  2390 | D:4      | Killed Edmund
  2390 | D:4      | Reached skill level 5 in Axes
  2390 | D:4      | Reached skill level 5 in Armour
  2390 | D:4      | Reached XP level 6. HP: 26/55 MP: 5/5
  2402 | D:4      | Found a blossoming altar of Fedhas.
  2574 | D:4      | Noticed Dowan
  2574 | D:4      | Noticed Duvessa
  2593 | D:4      | Killed Duvessa
  2612 | D:4      | Killed Dowan
  2612 | D:4      | Reached skill level 5 in Fighting
  2612 | D:4      | Reached XP level 7. HP: 47/61 MP: 6/6
  2668 | D:4      | Reached skill level 1 in Maces & Flails
  2763 | D:4      | Reached skill level 2 in Maces & Flails
  2771 | D:4      | Found a shimmering altar of Xom.
  2775 | D:4      | Became a worshipper of Xom of Chaos
  2831 | D:4      | Reached skill level 3 in Maces & Flails
  2978 | D:4      | XOM: harmless Tmut miscast
  3019 | D:4      | Noticed Menkaure
  3028 | D:4      | XOM: potion effect (brilliance)
  3036 | D:4      | Killed Menkaure
  3036 | D:4      | Reached skill level 4 in Maces & Flails
  3158 | D:5      | Entered Level 5 of the Dungeon
  3170 | D:5      | Reached XP level 8. HP: 68/70 MP: 7/7
  3175 | D:5      | Noticed Eustachio
  3176 | D:5      | XOM: potion effect (haste)
  3187 | D:5      | Killed Eustachio
  3187 | D:5      | Reached skill level 5 in Maces & Flails
  3218 | D:5      | Found a runed translucent door.
  3219 | D:5      | Noticed Crazy Yiuf
  3222 | D:5      | XOM: potion effect (agility)
  3226 | D:5      | Killed Crazy Yiuf
  3301 | D:5      | XOM: harmless Erth miscast
  3303 | D:5      | Reached skill level 6 in Maces & Flails
  3331 | D:5      | Found Saetho's Weapon Emporium.
  3464 | D:5      | XOM: divination: magic mapping
  3504 | D:5      | XOM: confuse monster(s)
  3616 | D:5      | Reached skill level 7 in Maces & Flails
  4047 | D:6      | Found a bloodstained altar of Trog.
  4054 | D:6      | Reached skill level 8 in Maces & Flails
  4085 | D:6      | Reached XP level 9. HP: 79/79 MP: 8/8
  4284 | D:7      | Reached skill level 9 in Maces & Flails
  4297 | D:7      | XOM: god gift: potion of might
  4317 | D:7      | Found a basalt altar of Yredelemnul.
  4363 | D:7      | Found a staircase to the Ecumenical Temple.
  4366 | D:7      | XOM: summons 2 friendly demons
  4404 | D:7      | XOM: harmless Air miscast
  4443 | D:7      | Found an ornate altar of the Wu Jian Council.
  4453 | D:7      | XOM: silly message
  4477 | D:7      | Found a radiant altar of Vehumet.
  4479 | D:7      | Found an opulent altar of Gozag.
  4602 | D:7      | Reached skill level 10 in Maces & Flails
  4650 | D:7      | XOM: medium Conj miscast
  4848 | D:8      | XOM: scenery: create altars
  4915 | D:8      | XOM: cast spell 'Ring of Flames'
  4933 | D:8      | XOM: mild Necr miscast
  4941 | D:8      | Reached skill level 11 in Maces & Flails
  5062 | D:8      | XOM: cloud trail
  5121 | D:8      | Reached XP level 10. HP: 83/90 MP: 9/9
  5159 | D:8      | Noticed a two-headed ogre
  5159 | D:8      | XOM: noise
  5167 | D:8      | Killed a two-headed ogre
  5167 | D:8      | Reached skill level 12 in Maces & Flails
  5504 | D:8      | Found a runed translucent door.
  5504 | D:8      | Noticed a fire giant
  5504 | D:8      | Noticed a sphinx
  5505 | D:8      | Noticed a fire crab
  5506 | D:8      | Noticed a fire crab
  5506 | D:8      | Noticed a sphinx
  5581 | D:8      | XOM: divination: magic mapping
  5765 | D:9      | XOM: scenery: create altars
  5820 | D:9      | XOM: blink monster(s)
  5877 | D:9      | Found a staircase to the Orcish Mines.
  5888 | D:9      | Found a roughly hewn altar of Beogh.
  5909 | D:9      | XOM: summons 2 friendly demons
  5962 | D:9      | Noticed Psyche
  5973 | D:9      | Killed Psyche
  5973 | D:9      | Reached skill level 13 in Maces & Flails
  5976 | D:9      | XOM: give mutation
  5976 | D:9      | Gained mutation: Your muscles are strong. (Str +2) [Xom's
                  | grace]
  5989 | D:9      | Found a stormy altar of Qazlal.
  6121 | D:9      | Noticed a two-headed ogre
  6127 | D:9      | Killed a two-headed ogre
  6127 | D:9      | Reached skill level 10 in Fighting
  6177 | D:9      | Found a hide-covered altar of Uskayaw.
  6240 | D:9      | Reached XP level 11. HP: 99/100 MP: 10/10
  6282 | D:9      | Found a white marble altar of Elyvilon.
  6286 | D:9      | Noticed Gastronok
  6298 | D:9      | Killed Gastronok
  6298 | D:9      | Reached skill level 14 in Maces & Flails
  6312 | D:9      | Found a shattered altar of Ashenzari.
  6314 | D:9      | Found a stormy altar of Qazlal.
  6599 | Orc:1    | Entered Level 1 of the Orcish Mines
  6819 | Orc:2    | Entered Level 2 of the Orcish Mines
  6819 | Orc:2    | Noticed a two-headed ogre
  6826 | Orc:1    | Killed a two-headed ogre
  6858 | Orc:2    | Noticed a two-headed ogre
  6858 | Orc:2    | Noticed a two-headed ogre
  6858 | Orc:2    | Noticed a two-headed ogre
  6860 | Orc:2    | Noticed a two-headed ogre
  6860 | Orc:2    | Noticed an ogre mage
  6866 | Orc:2    | Noticed an ogre mage
  6867 | Orc:2    | Killed a two-headed ogre
  6867 | Orc:2    | Noticed a two-headed ogre
  6868 | Orc:1    | XOM: confuse monster(s)
  6986 | Orc:1    | XOM: fake destruction
  6989 | Orc:1    | Killed a two-headed ogre
  7001 | Orc:2    | Noticed an ogre mage
  7099 | D:9      | XOM: enchant monster (good)
  7103 | D:9      | XOM: noise
  7109 | D:9      | Killed a two-headed ogre
  7109 | D:9      | Reached skill level 15 in Maces & Flails
  7111 | D:9      | Killed a two-headed ogre
  7236 | Orc:1    | XOM: potion effect (might)
  7347 | Orc:1    | Killed a two-headed ogre
  7384 | Orc:2    | Noticed a two-headed ogre
  7385 | Orc:2    | Noticed a two-headed ogre
  7390 | Orc:1    | XOM: confuse monster(s)
  7391 | Orc:1    | Killed an ogre mage
  7391 | Orc:1    | Reached skill level 10 in Armour
  7469 | Orc:1    | Killed an ogre mage
  7469 | Orc:1    | Reached XP level 12. HP: 80/112 MP: 11/11
  7474 | Orc:1    | Killed a two-headed ogre
  7533 | Orc:1    | XOM: harmless Erth miscast
  7569 | Orc:2    | XOM: potion effect (haste)
  7573 | Orc:1    | XOM: confuse monster(s)
  7602 | Orc:1    | Killed a two-headed ogre
  7693 | Orc:2    | XOM: potion effect (agility)
  7698 | Orc:2    | Killed an ogre mage
  7701 | Orc:2    | Found a staircase to the Elven Halls.
  7701 | Orc:2    | XOM: 4-stop teleportation journey
  7701 | Orc:2    | Noticed a two-headed ogre
  7705 | Orc:2    | Found Ykon's Antique Armour Emporium.
  7705 | Orc:2    | Found Wasm's Magic Scroll Boutique.
  7705 | Orc:2    | Noticed a two-headed ogre
  7706 | Orc:2    | Noticed a two-headed ogre
  7711 | Orc:2    | Killed a two-headed ogre
  7713 | Orc:2    | Found Fixojuc's Antique Armour Boutique.
  7713 | Orc:2    | Found Xuere's Book Shoppe.
  7713 | Orc:2    | Found a runed translucent door.
  7713 | Orc:2    | XOM: 8-stop teleportation journey
  7715 | Orc:2    | Noticed a two-headed ogre
  7720 | Orc:2    | XOM: cleaving
  7721 | Orc:2    | Noticed a two-headed ogre
  7724 | Orc:2    | Noticed a two-headed ogre
  7739 | Orc:2    | Killed a two-headed ogre
  7739 | Orc:2    | Killed a two-headed ogre
  7740 | Orc:2    | Killed a two-headed ogre
  7769 | Orc:2    | Noticed an ogre mage
  7778 | Orc:2    | Killed an ogre mage
  7835 | Orc:2    | XOM: 2-stop teleportation journey
  7843 | Orc:2    | Found Eghol's General Store.
  7929 | Orc:2    | a two-headed ogre changed into a shock serpent
  7929 | Orc:2    | XOM: polymorph two-headed ogre -> shock serpent
  7930 | Orc:2    | XOM: divine lightning
  8008 | Orc:2    | Bought a pair of embroidered gloves for 187 gold pieces
  8038 | Orc:2    | Killed a two-headed ogre
  8038 | Orc:2    | Reached skill level 16 in Maces & Flails
  8108 | Orc:2    | XOM: scenery: create altars
  8271 | Orc:2    | Paralysed by an orc sorcerer for 2 turns
  8291 | Orc:2    | Noticed an orc high priest
  8304 | Orc:2    | Killed an orc high priest
  8322 | Orc:2    | XOM: divination: magic mapping
  8504 | Orc:2    | Found a roughly hewn altar of Beogh.
  8574 | Orc:2    | Bought a ration for 75 gold pieces
  8574 | Orc:2    | Bought a potion of heal wounds for 75 gold pieces
  8580 | Orc:2    | XOM: harmless Summ miscast
  8659 | Elf:1    | Entered Level 1 of the Elven Halls
  8659 | Elf:1    | XOM: blink monster(s)
  8669 | Elf:1    | Reached XP level 13. HP: 123/123 MP: 12/12
  8771 | Elf:1    | Noticed a deep elf demonologist
  8782 | Elf:1    | XOM: potion effect (curing)
  8783 | Elf:1    | XOM: divination: detect creatures
  8801 | Elf:1    | Cast into level 2 of the Abyss (a deep elf demonologist)
  8861 | Abyss:2  | Noticed a white very ugly thing
  8877 | Elf:1    | Escaped the Abyss
  8892 | Elf:1    | Noticed a cacodemon
  8901 | Elf:1    | Noticed a Tzitzimitl
  8901 | Elf:1    | Cast into level 3 of the Abyss (a deep elf demonologist)
  8937 | Abyss:3  | Noticed a starcursed mass
  8984 | Abyss:3  | XOM: noise
  8999 | Abyss:3  | Killed from afar by a wind drake

Levels and vault maps discovered:
D:1:      dpeg_arrival_boxorama, layout_rooms, serial_curves, eino_curves_04,
          eino_curves_01, eino_curves_01
D:2:      layout_basic, chequers_ecumenical_altar_simple_redux,
          chequers_big_river, minmay_joined_circles
D:3:      layout_loops_ring, chequers_serial_rivers_small_3,
          chequers_serial_rivers_room_a, uniq_jessica
D:4:      cheibrodos_pilgrimage, layout_rooms, marbit_many_paths,
          lemuel_crystal_altar, first_ration, uniq_edmund, uniq_menkaure,
          uniq_duvessa
D:5:      layout_loops_ring, serial_shops,
          nicolae_shop_competitors_out_of_business, uniq_crazy_yiuf_cottage,
          uniq_eustachio
D:6:      layout_basic, trog_ov_bears_minmay, kennysheep_mini, serial_shops,
          kennysheep_mini_moat
D:7:      layout_rooms, lemuel_crystal_altar,
          chequers_temple_overflow_statue_of_worship, lemuel_doored_altar,
          temple_green, grunt_ogre_cave, serial_bayou_pond_b
D:8:      minmay_gate_of_8, layout_loops_ring, uniq_prince_ribbit1
D:9:      layout_loops_ring, lemuel_crystal_altar, minitemple,
          minmay_orc_entry_temple_small, serial_glass, glass_columns_a,
          glass_columns_b, glass_columns_a, glass_columns_b, basic_altar,
          chequers_arboretum, minmay_liquid_box, uniq_psyche, uniq_gastronok
Orc:1:    layout_caves, uniq_erolcha
Orc:2:    st_orc_ogre_mass, layout_caves, serial_shops, shop_statue,
          lightli_church_of_beogh
Elf:1:    eino_elf_arrival_sip, layout_geoelf_diagonals, minivault_28
Abyss:3:  grunt_abyss_exit_deep_breaths, grunt_abyss_rune_wretched_hive,
          grunt_abyss_exit_deep_breaths, guppyfry_abyss_exit_imp_island,
          hangedman_abyss_batty_box

Skill      XL: |  1  2  3  4  5  6  7  8  9 10 11 12 13 |
---------------+----------------------------------------+-----
Fighting       | 4 5 7 8 10 12 13 14 | 14.0
Shields        | 4 5 6 |  6.2
Armour         | 4 5 6 7 8 10 12 | 12.9
Axes           | 3 5 6 |  6.1
Maces & Flails | 4 8 11 13 15 16 | 16.4
Throwing       | |  0.3
Dodging        | |  0.4
Evocations     | |  0.8

Action                   |  1- 3 |  4- 6 |  7- 9 | 10-12 | 13-15 || total
-------------------------+-------+-------+-------+-------+-------++-------
Melee: War axe           |    82 |   106 |       |       |       ||   188
       Headbutt          |     8 |    19 |    49 |    81 |    13 ||   170
       Dire flail        |       |    17 |   279 |   365 |    61 ||   722
Throw: Dart              |       |     2 |       |       |       ||     2
Evoke: Wand              |       |       |     2 |       |       ||     2
  Use: Potion            |       |     1 |       |       |     4 ||     5
       Scroll            |       |     5 |     3 |     8 |     2 ||    18
 Stab: Confused          |       |       |       |     2 |       ||     2
       Petrified         |       |       |       |     1 |       ||     1
  Eat: Ration            |     1 |       |       |     2 |     1 ||     4
       Chunk             |       |     2 |     9 |     7 |     1 ||    19
Armor: Scale mail        |    35 |    46 |    36 |       |       ||   117
       Plate armour      |       |       |    73 |   157 |    45 ||   275
Dodge: Dodged            |    25 |    39 |    79 |   104 |    24 ||   271
Block: Shield            |    33 |    64 |       |       |       ||    97
       Other             |       |     5 |     5 |       |       ||    10
       Reflection        |       |     1 |       |       |       ||     1
